 Dungeon Crawl Stone Soup version 0.22-a0-567-gff9aefc (webtiles) character file.

147 Hebeh the Covered (level 5, -5/47 HPs)
             Began as a Minotaur Fighter on June 29, 2018.
             Slain by an ogre
             ... wielding a +0 giant spiked club
              (27 damage)
             ... on level 4 of the Dungeon.
             The game lasted 00:05:38 (1623 turns).

Hebeh the Covered (Minotaur Fighter)                Turns: 1623, Time: 00:05:39

Health: -5/47      AC:  7    Str: 22    XL:     5   Next: 8%
Magic:  4/4        EV:  7    Int:  5    God:
Gold:   205        SH:  0    Dex:  9    Spells: 4/4 levels left

rFire    . . .     SeeInvis .   a - +0 war axe
rCold    . . .     Gourm    .   c - +0 shield
rNeg     . . .     Faith    .   b - +0 scale mail
rPois    .         Spirit   .   (helmet restricted)
rElec    .         Reflect  .   (no cloak)
rCorr    .         Harm     .   (no gloves)
MR       .....                  (no boots)
Stlth    ..........             (no amulet)
HPRegen  0.15/turn              (no ring)
MPRegen  0.09/turn              (no ring)

@: confused
A: retaliatory headbutt, horns 2
a: no special abilities


You were on level 4 of the Dungeon.
You were not hungry.

You visited 1 branch of the dungeon, and saw 4 of its levels.

You collected 205 gold pieces.

Inventory:

Hand Weapons
 a - a +0 war axe (weapon)
Armour
 b - a +0 scale mail (worn)
 c - a +0 shield (worn)
Jewellery
 g - an uncursed amulet of guardian spirit {unknown}
 o - an uncursed ring of poison resistance {unknown}
 p - an uncursed ring of magical power {unknown}
 t - an uncursed ring of wizardry {unknown}
Scrolls
 h - 2 scrolls of identify {unknown}
 i - 2 scrolls of fog {unknown}
 k - a scroll of magic mapping {unknown}
 l - 2 scrolls of remove curse {unknown}
 m - a scroll of teleportation {unknown}
 n - 3 scrolls of fear {unknown}
Potions
 d - a potion of might
 e - 2 potions of agility {unknown}
 j - 2 potions of heal wounds {unknown}
 q - 3 potions of invisibility {unknown}
 r - a potion of magic {unknown}
 u - a potion of resistance {unknown}
Comestibles
 f - 5 rations
 s - 3 chunks of flesh


   Skills:
 + Level 4.4 Fighting
 * Level 4.4 Axes
 + Level 4.5 Armour
 + Level 4.4 Shields


You had 4 spell levels left.
You didn't know any spells.
Your spell library was empty.

Dungeon Overview and Level Annotations

Branches:
Dungeon (4/15)             Temple (0/1) D:4

Altars:
Hepliaklqana

Portals:
Ossuary: D:4

Annotations:
D:3 1 runed door, Aviak's ghost, amateur FoFi


Innate Abilities, Weirdness & Mutations

You reflexively headbutt those who attack you in melee.
You have a pair of horns on your head.


Message History

You hear the brisk hiss of a distant avalanche of sand.
The ogre barely misses you. You block the ogre's attack.
An orc wizard comes into view. It is wielding a dagger.
An orc comes into view. It is wielding a short sword.
Some of the chunks of flesh in your inventory have rotted away.
An orc comes into view.
The orc shouts!
The orc wizard points at you and mumbles some strange words.
You are confused.
The orc wizard completely misses you. The ogre closely misses you.
You slash the orc!
You kill the orc!
You closely miss the orc wizard. You closely miss the ogre.
The orc wizard mumbles some strange words.
The orc wizard flickers and vanishes!
Deactivating autopickup; reactivate with Ctrl-A.
The ogre hits you with a giant spiked club!!
Ouch! That really hurt!
You die...

.### #...#....##.##.... #.
#...####.##.##.... #.##(##.##
#...# #.......#.# #.#......#
#...# ####.####.# #.... ...#
#...# #.####.#
.....###.#####...#######...>...
#...#..................#.....
#.#........{.O............##.
#...#.....o)@..........#..##.
#......#####...#######.##.##.
###.#### #...# #....... #####.#
#...# ####.### #.....# #...#
#.### #.##### #...# #<... #.#
##########...# #####
#.###.......##...#
###.#...#####.....##


You could see an ogre and an orc.

Vanquished Creatures
  A water moccasin skeleton (D:4)
  A hound (D:4)
  A howler monkey skeleton (D:4)
  2 adders (D:4)
  A worm (D:2)
  3 dart slugs
  A leopard gecko (D:2)
  An orc (D:4)
  3 goblins (D:1)
  2 hobgoblins
  8 jackals (D:1)
  4 kobolds
  2 bats
  3 frilled lizards
  A quokka skeleton (D:4)
  4 rats
38 creatures vanquished.

Notes
Turn   | Place    | Note
-------+----------+-------------------------------------------
     0 | D:1      | Hebeh the Minotaur Fighter began the quest for the Orb.
     0 | D:1      | Reached XP level 1. HP: 19/19 MP: 0/0
    34 | D:1      | Reached XP level 2. HP: 20/27 MP: 1/1
   695 | D:2      | Reached XP level 3. HP: 28/33 MP: 2/2
   715 | D:2      | Found a hazy altar of Hepliaklqana.
  1222 | D:3      | Found a runed door.
  1222 | D:3      | Noticed Aviak's ghost (amateur FoFi)
  1375 | D:4      | Found a staircase to the Ecumenical Temple.
  1382 | D:4      | Reached XP level 4. HP: 39/40 MP: 3/3
  1519 | D:4      | Reached XP level 5. HP: 45/47 MP: 4/4
  1577 | D:4      | Noticed an ogre
  1580 | D:4      | Found a sand-covered staircase.
  1623 | D:4      | Slain by an ogre

Vault maps used:
D:1:      dpeg_chamrin_arrival_tetris
D:2:      old_standard_altar, first_ration, kennysheep_generic_room_12
D:3:      gammafunk_ghost_grave, minmay_misc_feat_square,
          hangedman_abyss_or_decor_lesser_grid, kennysheep_generic_room_9
D:4:      minmay_temple_entry_large_hall, chequers_ossuary_entry_cave

Skill      XL: |  1  2  3 |
---------------+----------+-----
Axes           | 3 4 |  4.4
Armour         | 4 |  4.5
Shields        | 4 |  4.4
Fighting       | 4 |  4.4

Action                   |  1- 3 |  4- 6 || total
-------------------------+-------+-------++-------
Melee: War axe           |    61 |    18 ||    79
       Headbutt          |    13 |     2 ||    15
  Eat: Chunk             |     1 |     1 ||     2
Armor: Scale mail        |    42 |     6 ||    48
Dodge: Dodged            |    15 |     7 ||    22
Block: Shield            |    35 |    11 ||    46

Table legend:
 A = Spawn XP
 B = Non-spawn XP
 C = Spawn XP percentage of total XP
 D = Spawn monster count
 E = Non-spawn monster count
 F = Spawn count percentage of total count
 G = Total turns spent on level
                    A         B        C        D         E        F      G
               +---------+---------+-------+---------+---------+-------+---------
         Total |       0 |     211 |   0.0 |       0 |      38 |   0.0 |  1623
               +---------+---------+-------+---------+---------+-------+---------
           D:1 |       0 |      35 |   0.0 |       0 |      19 |   0.0 |   550
           D:2 |       0 |      16 |   0.0 |       0 |       6 |   0.0 |   404
           D:3 |       0 |       9 |   0.0 |       0 |       4 |   0.0 |   357
           D:4 |       0 |     151 |   0.0 |       0 |       9 |   0.0 |   312
               +---------+---------+-------+---------+---------+-------+---------
